 Dungeon Crawl Stone Soup version 0.31.0-12-g77e489cdc1 (webtiles) character file.

Game seed: 351396123854758810

3196 Peach3228 the Geomancer (level 9, 0/55 HPs)
             Began as a Gargoyle Earth Elementalist on Feb 18, 2024.
             Was an Initiate of Vehumet.
             Slain by a two-headed ogre
             ... wielding a +0 giant club
              (32 damage)
             ... on level 9 of the Dungeon.
             The game lasted 00:17:27 (7971 turns).

Peach3228 the Geomancer (GrEE)                      Turns: 7971, Time: 00:17:28

Health: 0/55       AC: 10    Str: 12    XL:     9   Next: 96%
Magic:  18/21      EV: 17    Int: 25    God:    Vehumet [......]
Gold:   287        SH:  0    Dex: 10    Spells: 17/24 levels left

rFire   . . .        a - +4 double sword of Twilight {protect, rPois rN+ Int+5 SInv}
rCold   . . .        (no shield)
rNeg    + + .        t - +1 robe
rPois   ∞            o - +0 helmet
rElec   +            (no cloak)
rCorr   .            (no gloves)
SInv    +            (no boots)
Will    .....        h - amulet of the acrobat
Stlth   ++           i - +5 ring of evasion
HPRegen 0.29/turn    (no ring)
MPRegen 0.17/turn

%: acrobat
@: no status effects
A: sickness immunity, AC +6, negative energy resistance 1, electricity
resistance, torment resistance 1, petrification resistance
a: Renounce Religion


You were on level 9 of the Dungeon.
You worshipped Vehumet.
Vehumet was noncommittal.
You visited 2 branches of the dungeon, and saw 10 of its levels.

You collected 351 gold pieces.
You spent 64 gold pieces at shops.

Inventory:

Hand Weapons
 a - the +4 double sword of Twilight (weapon) {protect, rPois rN+ Int+5 SInv}
   (You acquired it on level 6 of the Dungeon)

   Int+5:     It affects your intelligence (+5).
   rPois:     It protects you from poison rN+: It protects you from negative
   energy.
   SInv:      It lets you see invisible.
 B - the +5 flail of Dust {venom, rC+ Str+4 Int+4 SInv}
   (You found it on level 9 of the Dungeon)

   Str+4:     It affects your strength (+4).
   Int+4:     It affects your intelligence (+4).
   rC+:       It protects you from cold.
   SInv:      It lets you see invisible.
Armour
 o - a +0 helmet (worn)
 r - an orb of energy
 t - a +1 robe (worn)
 z - a +0 buckler
Magical Staves
 e - a staff of earth
Jewellery
 h - an amulet of the acrobat (around neck)
 i - a +5 ring of evasion (left hand)
 l - an amulet of reflection
Wands
 v - a wand of quicksilver (11)
Scrolls
 b - 3 scrolls of noise
 d - 3 scrolls of revelation
 m - 2 scrolls of fog
 p - 2 scrolls of teleportation
 w - a scroll of brand weapon
 x - a scroll of blinking
 y - a scroll of fear
 A - a scroll of immolation
Potions
 c - a potion of berserk rage
 f - a potion of magic
 g - 2 potions of mutation
 j - a potion of curing
 k - a potion of might
 n - 4 potions of brilliance
 q - a potion of degeneration
 s - 2 potions of haste
 u - a potion of enlightenment


   Skills:
 - Level 6.0 Fighting
 + Level 3.8 Dodging
 - Level 4.0 Stealth
 - Level 8.0 Spellcasting
 - Level 1.1 Conjurations
 - Level 8.0 Earth Magic
 * Level 3.6 Alchemy


You had 17 spell levels left.
You knew the following spells:

 Your Spells              Type           Power      Damage    Failure   Level
a - Sandblast             Erth           100%       2d20      1%          1
b - Stone Arrow           Conj/Erth      64%        3d11      2%          3
c - Passwall              Erth           50%        N/A       1%          3

Your spell library contained the following spells:

 Spells                   Type           Power      Damage    Failure   Level
 Petrify                  Alch/Erth      39%        N/A       5%          4
 Brom's Barrelling Bould  Conj/Erth      32%        2d5       10%         4
 Summon Ice Beast         Ice/Summ       10%        N/A       19%         3
 Summon Forest            Summ/Tloc      5%         N/A       86%         5
 Summon Mana Viper        Hex/Summ       10%        N/A       86%         5
 Summon Cactus Giant      Summ           5%         N/A       100%        6
 Monstrous Menagerie      Summ           5%         N/A       100%        7


Dungeon Overview and Level Annotations

Branches:
Dungeon (9/15)             Temple (1/1) D:6
   Lair: D:8-11         Orc: D:9-12

Altars:
Ashenzari
Cheibriados
Dithmenos
Elyvilon
Fedhas
Gozag
Hepliaklqana
Kikubaaqudgha
Makhleb
Nemelex Xobeh
Okawaru
Qazlal
Ru
Sif Muna
Trog
Uskayaw
Vehumet
Wu Jian
Xom
Yredelemnul
Zin
The Shining One

Shops:
D:3 ?   D:8 *

Annotations:
D:7 2 transporters, drgodel's ghost, novice DjRe


Innate Abilities, Weirdness & Mutations

You are immune to sickness and miasma.
Your stone body is resilient. (AC +6)
You are immune to poison.
You resist negative energy. (rN+)
You are resistant to electric shocks. (rElec)
You are resistant to unholy torment.
You are immune to petrification.


Message History

The water moccasin misses you.
The blast of sand hits the water moccasin!
You kill the water moccasin!
Vehumet accepts your kill.
There is a stone staircase leading down here.
A - a scroll of immolation Done exploring.
Done exploring.
You see here a +0 club.
There is a stone staircase leading down here.
You climb downwards.
There is a stone staircase leading up here.
You open the door.
There is an open door here.
You open the door.
Found a stone staircase leading down.
There is an open door here.
A two-headed ogre and a yak come into view.
Found a robe.
The two-headed ogre shouts in stereo!
The yak bellows!
You hear a bellow! x2
A yak comes into view. x2
You see here the +5 flail of Dust {venom, rC+ Str+4 Int+4 SInv}.
B - the +5 flail of Dust {venom, rC+ Str+4 Int+4 SInv} The blast of sand hits the yak!!!
The yak is almost dead.
The blast of sand hits the yak!
You kill the yak!
Vehumet accepts your kill.
The two-headed ogre hits you with a +0 giant club.
The two-headed ogre hits you with a +0 dire flail!
Training target 4.0 for Stealth reached!
Your Stealth skill increases to level 4!
Aiming: Sandblast (safe; 1% risk of failure)
Press: ? - help, Q - select action, (/) - cycle Shift-Dir - straight line, f - two-headed ogre
Aim: a two-headed ogre, wielding a +0 giant club and a +0 dire flail (93% to hit)
The blast of sand hits the two-headed ogre!
The two-headed ogre is lightly wounded.
The two-headed ogre hits you with a +0 giant club!!
Ouch! That really hurt!
You die...

#...#.....+
+...##....#
#....#....# .
.....#....# ..
#....## ... .
#.....# .... ...
#.....# .....
.....#'#####......
...........@O......
............Y......
......######>......
...... .......
...... .......
..... [...... .....
.....## .....#


You could see a two-headed ogre and a yak.

Vanquished Creatures
  Jeremiah (D:6)
  A wraith (D:5)
  4 yaks
  An acid dragon (D:7)
  Edmund (D:5)
  2 water moccasins (D:8)
  A sky beast (D:7)
  An orc warrior (D:7)
  3 ogres
  2 centaurs (D:8)
  Blork the orc (D:6)
  2 bullfrogs
  2 gnoll sergeants
  3 scorpions
  2 vampire bats (D:3)
  2 orc priests (D:5)
  A bombardier beetle (D:6)
  A hound (D:6)
  A gnoll bouda (D:6)
  A jelly (D:6)
  Jessica (D:2)
  An orc wizard (D:6)
  An iguana (D:5)
  16 gnolls
  9 adders
  2 shadow imps
  3 white imps
  2 dart slugs
  3 ribbon worms (D:2)
  22 orcs
  5 bats
  3 bat skeletons (D:3)
  3 bat zombies (D:3)
  5 endoplasms
  6 giant cockroaches
  6 goblins
  2 hobgoblins
  4 jackals
  2 quokkas
  4 ball pythons
  A frilled lizard (D:2)
  8 kobolds
  9 rats
151 creatures vanquished.

Notes
Turn   | Place    | Note
-------+----------+-------------------------------------------
     0 | D:1      | Peach3228 the Gargoyle Earth Elementalist began the quest
                  | for the Orb.
     0 | D:1      | Reached XP level 1. HP: 10/10 MP: 3/3
   206 | D:1      | Reached XP level 2. HP: 16/16 MP: 3/5
   823 | D:2      | Noticed Jessica
   826 | D:2      | Killed Jessica
   827 | D:2      | Reached skill level 1 in Fighting
   827 | D:2      | Reached XP level 3. HP: 20/20 MP: 5/7
   840 | D:2      | Reached XP level 4. HP: 24/25 MP: 3/8
  1386 | D:2      | Reached XP level 5. HP: 22/30 MP: 6/9
  2312 | D:3      | Found Zenomm's Magic Scroll Emporium.
  2321 | D:3      | Bought a scroll of identify for 20 gold pieces
  2331 | D:3      | Identified a scroll of acquirement
  2331 | D:3      | Acquired a staff of earth
  2507 | D:3      | Reached skill level 5 in Earth Magic
  2822 | D:3      | Found an ancient bone altar of Kikubaaqudgha.
  2826 | D:3      | Reached XP level 6. HP: 35/35 MP: 8/11
  3101 | D:3      | Learned a level 3 spell: Stone Arrow
  3569 | D:5      | Entered Level 5 of the Dungeon
  3850 | D:5      | Noticed a wraith
  3865 | D:5      | HP: 1/37 [wraith (8)]
  3872 | D:5      | Killed a wraith
  3873 | D:5      | Reached XP level 7. HP: 13/41 MP: 4/14
  4030 | D:5      | Reached skill level 5 in Spellcasting
  4115 | D:5      | Noticed Edmund
  4143 | D:5      | HP: 2/42 [Edmund/+0 dire flail of protection (9)]
  4155 | D:5      | Killed Edmund
  4419 | D:5      | Reached XP level 8. HP: 48/48 MP: 12/16
  4814 | D:6      | Noticed Jeremiah
  4839 | D:6      | Killed Jeremiah
  5025 | D:6      | Noticed a troll
  5056 | D:6      | Found a staircase to the Ecumenical Temple.
  5061 | D:6      | Reached skill level 5 in Fighting
  5290 | D:6      | Noticed Blork the orc
  5299 | D:6      | Killed Blork the orc
  5533 | D:6      | Acquired the +4 double sword of Twilight {protect, rPois
                  | rN+ Int+5 SInv}
  5597 | D:7      | Reached XP level 9. HP: 55/55 MP: 11/19
  5745 | D:7      | Found a transporter.
  5746 | D:7      | Noticed drgodel's ghost (novice DjRe)
  5747 | D:7      | Found a transporter.
  5747 | D:7      | Identified the +5 dire flail "Puratwiv" {pain, Fly Will-
                  | MP+9}
  5747 | D:7      | Noticed a two-headed ogre
  5905 | D:7      | Identified the +2 spear of the Pure Lies {freeze, rN+ Will-
                  | rCorr}
  6444 | D:7      | Reached skill level 1 in Alchemy
  6895 | D:8      | Found Yrasaj's General Store.
  6896 | D:8      | Found Vufekhlie's Specific Store.
  6904 | D:8      | Bought a scroll of fear for 44 gold pieces
  7245 | D:8      | Learned a level 3 spell: Passwall
  7326 | Temple   | Entered the Ecumenical Temple
  7373 | Temple   | Became a worshipper of Vehumet
  7965 | D:9      | Identified the +5 flail of Dust {venom, rC+ Str+4 Int+4
                  | SInv}
  7965 | D:9      | Noticed a two-headed ogre
  7971 | D:9      | Slain by a two-headed ogre

Illustrated notes

Levels and vault maps discovered:
D:1:      dpeg_arrival_prison, layout_rooms
D:2:      layout_loops_ring, uniq_jessica
D:3:      layout_basic, kennysheep_vampire_church, serial_shops, shop,
          hangedman_glass_teeth
D:4:      layout_basic, nrook_loot_triangle
D:5:      layout_basic, uniq_edmund
D:6:      layout_cave_pools, minmay_temple_entry_wispy, lightli_corner_chamber,
          uniq_jeremiah, uniq_blork_the_orc
D:7:      layout_layer_cave, gammafunk_ghost_smash
D:8:      layout_basic, roderic_three_in_a_row, nicolae_specific_store,
          minmay_misc_feat_iff
D:9:      layout_irregular_city
Temple:   kilobyte_greek_temple

Skill      XL: |  1  2  3  4  5  6  7  8  9 |
---------------+----------------------------+-----
Earth Magic    | 4 5 6 8 |  8.0
Fighting       | 1 2 3 4 5 6 |  6.0
Spellcasting   | 3 4 5 6 8 |  8.0
Dodging        | 2 3 |  3.8
Stealth        | 3 4 |  4.0
Alchemy        | 3 |  3.6
Conjurations   | |  1.1

Action                     |  1- 3 |  4- 6 |  7- 9 || total
---------------------------+-------+-------+-------++-------
  Melee: Dagger            |     5 |     7 |       ||    12
         Staff             |       |       |     2 ||     2
         Punch             |       |       |     1 ||     1
         Double sword      |       |       |    21 ||    21
   Cast: Sandblast         |    30 |   113 |   117 ||   260
         Stone Arrow       |       |     2 |     9 ||    11
         Passwall          |       |       |     2 ||     2
    Use: Scroll            |       |    18 |     3 ||    21
         Potion            |       |     4 |     1 ||     5
 Armour: Robe              |     7 |    49 |    64 ||   120
  Dodge: Dodged            |    10 |    56 |    86 ||   152
